 Dungeon Crawl Stone Soup version 0.25-a0-869-g05d4e06a41 (webtiles) character file.

Game seed: 12109443881563506167, levelgen mode: deterministic

7 Maedhros the Poker (level 2, 0/21 HPs)
             Began as an Octopode Chaos Knight on May 1, 2020.
             Was a Plaything of Xom.
             Slain by a worm (6 damage)
             ... on level 2 of the Dungeon.
             The game lasted 00:00:13 (263 turns).

Maedhros the Poker (Octopode Chaos Knight)           Turns: 263, Time: 00:00:14

Health: 0/21       AC:  1    Str: 11    XL:     2   Next: 0%
Magic:  2/2        EV: 13    Int: 14    God:    Xom [..*...]
Gold:   31         SH:  0    Dex: 11    Spells: 1/1 levels left

rFire    . . .     SeeInvis .   a - +0 spear (chaos)
rCold    . . .     Gourm    .   (no shield)
rNeg     . . .     Faith    .   (helmet restricted)
rPois    .         Spirit   .   (no amulet)
rElec    .         Reflect  .   (no ring)
rCorr    .         Harm     .   (no ring)
MR       .....                  (no ring)
Stlth    ++........             (no ring)
HPRegen  0.07/turn              (no ring)
MPRegen  0.08/turn              (no ring)
                                (no ring)
                                (no ring)

@: no status effects
A: almost no armour, stealthy swim, amphibious, 8 rings, constrict 8, camouflage
1, gelatinous body 1
a: Renounce Religion


You were on level 2 of the Dungeon.
You worshipped Xom.
You were a toy of Xom.
You were not hungry.

You visited 1 branch of the dungeon, and saw 3 of its levels.

You collected 31 gold pieces.

Inventory:

Hand Weapons
 a - a +0 spear of chaos (weapon)
Jewellery
 e - a cursed ring of attention {unknown}
Scrolls
 c - a scroll of blinking {unknown}
 d - a scroll of remove curse {unknown}
Comestibles
 b - a ration


   Skills:
 - Level 3.0 Fighting
 + Level 3.5 Polearms
 - Level 2.3 Dodging


You had one spell level left.
You didn't know any spells.
Your spell library was empty.

Dungeon Overview and Level Annotations

Branches:
Dungeon (3/15)

Altars:


Innate Abilities, Weirdness & Mutations

You cannot wear most types of armour.
You are very stealthy in the water. (Stealth+)
You are amphibious.
You can wear up to eight rings at the same time.
You can use your tentacles to constrict eight enemies at once.
Your skin changes colour to match your surroundings (Stealth+).
Your rubbery body absorbs attacks. (AC +1, EV +1)


Message History

The helpless gnoll fails to defend itself.
You hit the gnoll but do no damage. Your grab misses the gnoll.
The gnoll shouts! x2
A quokka comes into view.
The gnoll shouts!
The gnoll misses you. The gnoll completely misses you.
The gnoll closely misses you. The leopard gecko bites you.
You climb upwards.
There is a stone staircase leading down here.
Unknown command.
You barely miss the gnoll. Your grab misses the gnoll.
The gnoll hits you with a +0 spear. The leopard gecko bites you.
You hit the leopard gecko. You burn the leopard gecko.
You grab the leopard gecko.
The leopard gecko is moderately wounded.
You constrict the leopard gecko. The gnoll hits you with a +0 spear!
* * * LOW HITPOINT WARNING * * *
The worm bites you.
You die...
Xom is highly amused!

### ..# ##
#.# .# #.#
.###.#
#.#####w....#
#.().l@gw.#
#########.#


You could see 2 worms, a gnoll and a leopard gecko.

Vanquished Creatures
  3 hobgoblins
  A kobold (D:1)
  A frilled lizard (D:1)
  A rat (D:1)
6 creatures vanquished.

Notes
Turn   | Place    | Note
-------+----------+-------------------------------------------
     0 | D:1      | Maedhros the Octopode Chaos Knight began the quest for the
                  | Orb.
     0 | D:1      | Reached XP level 1. HP: 16/16 MP: 1/1
   252 | D:2      | Reached XP level 2. HP: 21/21 MP: 2/2
   263 | D:2      | Slain by a worm

Levels and vault maps discovered:
D:1:      onia_arrival_mini_maze_b, layout_basic, chequers_hall_statues_corner_a
D:2:      layout_basic, cheibriados_altar_1, first_ration
D:3:      layout_rooms, gammafunk_temple_overflow_statue

Action                   || total
-------------------------++-------
Melee: Spear             ||    11
       Constrict         ||     2
       Tentacles         ||     1
 Stab: Sleeping          ||     3
Dodge: Dodged            ||     3

Table legend:
 A = Non-vault XP
 B = Vault XP
 C = Vault XP percentage of total XP
 D = Non-vault monster count
 E = Vault monster count
 F = Vault count percentage of total count
                 A         B        C        D         E       F
            +---------+---------+-------+---------+---------+-------
      Total |      10 |       0 |   0.0 |       6 |       0 |   0.0
            +---------+---------+-------+---------+---------+-------
        D:1 |       8 |       0 |   0.0 |       5 |       0 |   0.0
        D:2 |       2 |       0 |   0.0 |       1 |       0 |   0.0
            +---------+---------+-------+---------+---------+-------
